 Dungeon Crawl Stone Soup version 0.23.1 (webtiles) character file.

Game seed: 11265314629764113681

5518 ohad the Martial Artist (level 10, -11/79 HPs)
             Began as an Octopode Transmuter on Mar 15, 2019.
             Was an Initiate of Gozag.
             Shot with an arrow by a centaur warrior (24 damage)
             ... on level 14 of the Dungeon.
             The game lasted 00:26:04 (10646 turns).

ohad the Martial Artist (Octopode Transmuter)      Turns: 10646, Time: 00:26:05

Health: -11/79     AC:  6    Str:  9    XL:     10   Next: 70%
Magic:  14/18      EV: 13    Int: 19    God:    Gozag
Gold:   74         SH:  0    Dex: 13    Spells: 5/20 levels left

rFire    . . .     SeeInvis +     - Unarmed
rCold    + + +     Gourm    +   (shield currently unavailable)
rNeg     . . .     Faith    .   (helmet currently unavailable)
rPois    +         Spirit   .   w - amulet of the gourmand
rElec    .         Reflect  .   h - ring of protection from cold
rCorr    .         Harm     .   l - ring of protection from fire
MR       .....                  f - ring of see invisible
Stlth    ++++......             B - +2 ring of evasion
HPRegen  0.23/turn              I - ring of stealth (curse)
MPRegen  0.16/turn              (no ring)
                                (no ring)
                                (no ring)

@: ice-form, gold aura, very slightly contaminated
A: large, almost no armour, stealthy swim, amphibious, 8 rings, (constrict 8)
a: End Transformation, Potion Petition, Call Merchant, Bribe Branch, Renounce
Religion


You were on level 14 of the Dungeon.
You worshipped Gozag.
Gozag was noncommittal.
You were completely stuffed.
You were a creature of crystalline ice.
You visited 2 branches of the dungeon, and saw 12 of its levels.

You collected 526 gold pieces.
You spent 269 gold pieces at shops.
You paid 183 gold pieces to Gozag.

Inventory:

Missiles
 a - 110 arrows
 s - 2 throwing nets (quivered)
Armour
 q - a cursed +0 shield
 y - a +0 large shield
 C - a +0 buckler
Magical Staves
 v - an uncursed staff of earth {unknown}
Jewellery
 f - a ring of see invisible (on tentacle)
 h - a ring of protection from cold (left front paw)
 l - a ring of protection from fire (right front paw)
 w - an amulet of the gourmand (around neck)
 B - a +2 ring of evasion (on tentacle)
 E - an uncursed ring of protection from fire
 I - a cursed ring of stealth (on tentacle)
Wands
 b - a wand of iceblast (6)
 A - a wand of flame (34)
 D - a wand of paralysis (12)
Scrolls
 g - 3 scrolls of magic mapping
 i - 7 scrolls of remove curse
 j - 3 scrolls of enchant armour {unknown}
 k - a scroll of teleportation
 n - a scroll of blinking
 o - a scroll of enchant weapon
 p - 3 scrolls of fear
 z - a scroll of fog
Potions
 d - 3 potions of curing
 e - a potion of flight
 m - a potion of mutation
 r - 3 potions of might
 t - a potion of haste
 x - a potion of brilliance
Comestibles
 c - 17 rations
 H - 6 chunks of flesh


   Skills:
 - Level 5.0 Fighting
 - Level 4.0 Dodging
 - Level 4.1 Stealth
 + Level 10.5 Unarmed Combat
 - Level 5.5 Spellcasting
 - Level 6.6 Transmutations
 - Level 4.3 Ice Magic


You had 5 spell levels left.
You knew the following spells:

 Your Spells              Type           Power        Failure   Level  Hunger
a - Beastly Appendage     Tmut           ####..       1%          1    None
b - Sticks to Snakes      Tmut           ####....     1%          2    None
c - Spider Form           Tmut/Pois      ###.......   9%          3    ##.....
d - Ice Form              Ice/Tmut       ####....     12%         4    ####...
e - Blade Hands           Tmut           ####......   22%         5    #####..

Your spell library contained the following spells:

 Spells                   Type           Power        Failure   Level  Hunger
 Passwall                 Tmut/Erth      ###.....     4%          2    None
 Confusing Touch          Hex            #.....       12%         1    None
 Sandblast                Erth           #.....       12%         1    None
 Shock                    Conj/Air       #...         12%         1    None
 Swiftness                Chrm/Air       #.......     19%         2    None
 Petrify                  Tmut/Erth      ###.....     30%         4    ####...
 Confuse                  Hex            #.......     34%         3    ##.....
 Gell's Gravitas          Tloc           #.........   34%         3    ##.....
 Static Discharge         Conj/Air       #.......     34%         3    ##.....
 Stone Arrow              Conj/Erth      #.....       34%         3    ##.....
 Yara's Violent Unravell  Hex/Tmut       ###.......   63%         5    #####..
 Airstrike                Air            #.........   75%         4    ####...
 Metabolic Englaciation   Hex/Ice        ##........   80%         5    #####..
 Lee's Rapid Deconstruct  Erth           #.........   97%         5    #####..
 Lightning Bolt           Conj/Air       #.........   97%         5    #####..


Dungeon Overview and Level Annotations

Branches:
Dungeon (11/15)            Temple (1/1) D:7            Lair (0/6) D:11
    Orc (0/2) D:9

Altars:
Ashenzari
Cheibriados
Dithmenos
Elyvilon
Fedhas
Gozag
Hepliaklqana
Kikubaaqudgha
Makhleb
Nemelex Xobeh
Okawaru
Qazlal
Ru
Sif Muna
Trog
Uskayaw
Vehumet
Wu Jian
Xom
Yredelemnul
Zin
The Shining One

Shops:
D:4 =

Annotations:
D:4 4 runed translucent doors
D:8 2 transporters, Stil's ghost, novice DEAE


Innate Abilities, Weirdness & Mutations

You cannot wear most types of armour.
You are very stealthy in the water. (Stealth+)
You are amphibious.
You can wear up to eight rings at the same time.
((You can use your tentacles to constrict eight enemies at once.))
((Your skin changes colour to match your surroundings (Stealth+).))
((Your rubbery body absorbs attacks. (AC +1, EV +1)))


Message History

The orc becomes distracted by the nearby gold, dreaming of imaginary riches.
Found a potion of heal wounds.
An orc warrior comes into view. It is wielding a +0 flail.
You fall through a shaft for 3 floors!
The shaft crumbles and collapses.
Found a leather armour and an embroidered robe.
Unknown command.
Unknown command.
Unknown command.
Unknown command.
Unknown command.
Unknown command.
Unknown command.
Unknown command.
You start resting.
Your surroundings suddenly seem different.
The centaur warrior wields a shortbow.
The centaur warrior shoots an arrow.
The arrow hits you!!
You die...
Your body crumbles into a pile of gold.

##############.
.......Y...c...
..............#
############..#
#


You could see a centaur warrior.

Vanquished Creatures
  A cyclops (D:6)
  Grinder (D:4)
  Prince Ribbit (D:7)
  2 hippogriffs
  2 vampire mosquitoes (D:11)
  Menkaure (D:7)
  Edmund (D:4)
  2 orc warriors
  A black bear (D:6)
  4 phantoms
  4 ogres
  A wolf (D:11)
  3 centaurs
  3 bullfrogs
  3 scorpions
  A wyvern skeleton (D:5)
  5 killer bees (D:7)
  2 electric eels (D:7)
  4 howler monkeys
  3 crimson imps
  2 centaur zombies (D:8)
  A quasit (D:9)
  3 hounds
  An orc priest (D:4)
  4 jellies
  A bullfrog skeleton (D:4)
  4 centaur skeletons
  6 orc wizards
  Natasha (twice) (D:4)
  8 worker ants
  A hound zombie (D:4)
  2 hound skeletons
  5 gnolls
  A howler monkey skeleton (D:5)
  7 adders
  A shadow imp (D:5)
  5 oozes (D:8)
  An adder skeleton (D:4)
  6 worms
  12 dart slugs
  2 leopard geckos
  28 orcs
  A ball python (D:4)
  3 bats (D:3)
  6 giant cockroaches
  8 goblins
  3 hobgoblins (D:1)
  10 jackals
  3 kobolds
  4 quokkas
  3 frilled lizards
  A quokka skeleton (D:4)
  9 rats
199 creatures vanquished.

Vanquished Creatures (collateral kills)
  Sigmund (D:2)
  A sky beast (D:6)
  A kobold (D:2)
3 creatures vanquished.

Vanquished Creatures (others)
  A bush (D:11)
  6 plants (D:11)
7 creatures vanquished.

Grand Total: 209 creatures vanquished

Notes
Turn   | Place    | Note
-------+----------+-------------------------------------------
     0 | D:1      | ohad the Octopode Transmuter began the quest for the Orb.
     0 | D:1      | Reached XP level 1. HP: 13/13 MP: 3/3
    44 | D:1      | Reached skill level 1 in Stealth
   245 | D:1      | Reached XP level 2. HP: 18/18 MP: 5/5
   906 | D:2      | Learned a level 2 spell: Sticks to Snakes
   918 | D:2      | Reached XP level 3. HP: 10/23 MP: 3/6
   934 | D:2      | Learned a level 3 spell: Spider Form
  1179 | D:2      | Reached XP level 4. HP: 23/28 MP: 4/8
  1335 | D:2      | Found a radiant altar of Vehumet.
  1345 | D:2      | Noticed Sigmund
  1363 | D:2      | Killed Sigmund
  1363 | D:2      | Reached XP level 5. HP: 24/33 MP: 2/12
  1363 | D:2      | Reached XP level 6. HP: 27/38 MP: 2/13
  1369 | D:2      | Learned a level 4 spell: Ice Form
  1883 | D:3      | Found a blossoming altar of Fedhas.
  2132 | D:3      | Reached skill level 1 in Ice Magic
  3120 | D:4      | Reached XP level 7. HP: 43/43 MP: 10/14
  3182 | D:4      | Found a large runed translucent door.
  3182 | D:4      | Found a large runed translucent door.
  3546 | D:4      | Found a large runed translucent door.
  3546 | D:4      | Found a large runed translucent door.
  3566 | D:4      | Noticed Edmund
  3586 | D:4      | Killed Edmund
  3957 | D:4      | Noticed Grinder
  3962 | D:4      | Paralysed by Grinder for 4 turns
  3986 | D:4      | Killed Grinder
  3986 | D:4      | Reached skill level 5 in Transmutations
  4234 | D:4      | Found Ukul's Jewellery Emporium.
  4257 | D:4      | Bought a +2 ring of evasion for 110 gold pieces
  4279 | D:4      | Noticed Natasha
  4286 | D:4      | Killed Natasha
  4286 | D:4      | Reached XP level 8. HP: 48/48 MP: 10/15
  4308 | D:4      | Reached skill level 5 in Spellcasting
  4658 | D:4      | Learned a level 5 spell: Blade Hands
  4892 | D:5      | Entered Level 5 of the Dungeon
  5275 | D:5      | Reached skill level 4 in Unarmed Combat
  5607 | D:6      | Reached skill level 5 in Unarmed Combat
  5733 | D:6      | Noticed a cyclops
  5748 | D:6      | Killed a cyclops
  5748 | D:6      | Reached skill level 5 in Fighting
  5748 | D:6      | Reached XP level 9. HP: 12/61 MP: 13/17
  7192 | D:7      | Noticed Prince Ribbit
  7509 | D:7      | Reached skill level 6 in Unarmed Combat
  7623 | D:7      | Killed Prince Ribbit
  7730 | D:7      | Reached skill level 7 in Unarmed Combat
  7904 | D:7      | Reached XP level 10. HP: 51/66 MP: 18/18
  7995 | D:7      | Noticed Menkaure
  8003 | D:7      | Killed Menkaure
  8094 | D:7      | Found a staircase to the Ecumenical Temple.
  8130 | Temple   | Entered the Ecumenical Temple
  8395 | D:7      | Reached skill level 8 in Unarmed Combat
  9285 | D:8      | Reached skill level 9 in Unarmed Combat
  9802 | D:8      | Found a transporter.
  9804 | D:8      | Noticed Stil's ghost (novice DEAE)
  9811 | D:8      | Found a transporter.
 10146 | D:4      | Noticed Natasha
 10152 | D:4      | Killed Natasha
 10164 | D:4      | Bought a cursed ring of stealth for 159 gold pieces
 10358 | D:9      | Found a staircase to the Orcish Mines.
 10532 | D:9      | Found an opulent altar of Gozag.
 10532 | D:9      | Found a deep blue altar of Sif Muna.
 10535 | D:9      | Became a worshipper of Gozag Ym Sagoz the Greedy
 10549 | D:9      | You fall through a shaft for 2 floors!
 10549 | D:11     | Found a staircase to the Lair.
 10550 | D:11     | Noticed a red ugly thing
 10550 | D:11     | Noticed a four-headed hydra
 10569 | D:11     | Noticed a brown ugly thing
 10577 | D:11     | Noticed an orc knight
 10603 | D:11     | Reached skill level 10 in Unarmed Combat
 10645 | D:11     | You fall through a shaft for 3 floors!
 10646 | D:14     | Shot with an arrow by a centaur warrior

Skill      XL: |  1  2  3  4  5  6  7  8  9 10 |
---------------+-------------------------------+-----
Stealth        | 1 4 |  4.1
Transmutations | 3 5 6 |  6.6
Spellcasting   | 4 5 |  5.5
Ice Magic      | 3 4 |  4.3
Unarmed Combat | 5 7 10 | 10.5
Fighting       | 5 |  5.0
Dodging        | 4 |  4.0

Action                   |  1- 3 |  4- 6 |  7- 9 | 10-12 || total
-------------------------+-------+-------+-------+-------++-------
Melee: Unarmed           |    69 |   125 |   348 |   138 ||   680
       Constrict         |    13 |    17 |    18 |     4 ||    52
       Tentacles         |     7 |     4 |    12 |       ||    23
       Kick              |     7 |     3 |       |       ||    10
       Punch             |       |       |     1 |       ||     1
 Cast: Beastly Appendage |     4 |     2 |     1 |       ||     7
       Sticks to Snakes  |     1 |     4 |     4 |       ||     9
       Spider Form       |     2 |    12 |     3 |       ||    17
       Ice Form          |       |       |    23 |    18 ||    41
  Use: Scroll            |       |       |    15 |     5 ||    20
       Potion            |       |       |     7 |     1 ||     8
 Stab: Sleeping          |     6 |     5 |     9 |     4 ||    24
  Eat: Chunk             |     1 |    15 |    28 |    12 ||    56
Armor: Skin              |     6 |    10 |    41 |    23 ||    80
Dodge: Dodged            |    39 |   108 |   181 |    85 ||   413
